General information
			
			
        
        - name: BNet
 
        - type: Ladder team game (AT/RT)
 
        - host: Battle.net
 
        - saver: BEAR_AND
 
        
map: GoldRush 
        - players: 8
 
        - length: 19:43
 
        - speed: Fast
 - version: 1.22 W3XP
 - replay type:  

 
» download(222 KB)
Players
        team 1 (loser) 
              
              
cookie_monster (
orange | 72 APM | 1414 actions | 19:41)
              
 2 Tauren Chieftain 
 1 Shockwave
 1 Endurance Aura
 1 Priestess of the Moon 
 1 Trueshot Aura
 1 Pandaren Brewmaster 
 1 Breath of Fire
 
                » actions 
                
                | Assign group hotkey | 17 |  | 
| Basic commands | 20 |  | 
| Build / train | 35 |  | 
| ESC pressed | 3 |  | 
| Enter build submenu | 29 |  | 
| Enter hero's abilities submenu | 5 |  | 
| Right click | 637 |  | 
| Select / deselect | 319 |  | 
| Select group hotkey | 283 |  | 
| Use ability | 66 |  | 
                1414 total
 » units 
                » upgrades
                » buildings
                
                | Altar of Storms | 2 |  | 
| Orc Burrow | 11 |  | 
| Barracks | 1 |  | 
| War Mill | 1 |  | 
| Voodoo Lounge | 1 |  | 
| Stronghold | 1 |  | 
| Watch Tower | 5 |  | 
| Beastiary | 2 |  | 
| Great Hall | 1 |  | 
                25 total
 » build order
                00:06 Altar of Storms
00:22 Orc Burrow
00:40 Barracks
01:30 Orc Burrow
02:08 War Mill
03:00 Orc Burrow
04:09 Voodoo Lounge
04:31 Orc Burrow
06:03 Altar of Storms
06:28 Stronghold
06:59 Orc Burrow
08:05 Orc Burrow
08:13 Orc Burrow
08:25 Orc Burrow
08:32 Orc Burrow
08:35 Watch Tower
09:02 Beastiary
09:23 Beastiary
09:35 Watch Tower
11:14 Great Hall
12:37 Watch Tower
12:54 Orc Burrow
13:14 Watch Tower
13:21 Orc Burrow
15:07 Watch Tower
» items
                
                | Healing Salve | 2 |  | 
| Scroll of Town Portal | 1 |  | 
                3 total
  
               
              
              
COOLMIKE162 (
red | 120 APM | 2335 actions | 19:31)
              
 3 Death Knight 
 2 Death Coil
 1 Unholy Aura
 1 Priestess of the Moon 
 1 Searing Arrows
 2 Lich 
 1 Frost Nova
 1 Dark Ritual
 1 Dreadlord 
 1 Sleep
 
                » actions 
                
                | Assign group hotkey | 35 |  | 
| Basic commands | 11 |  | 
| Build / train | 66 |  | 
| Enter build submenu | 19 |  | 
| Enter hero's abilities submenu | 7 |  | 
| Give item / drop item | 2 |  | 
| Remove unit from queue | 1 |  | 
| Right click | 944 |  | 
| Select / deselect | 437 |  | 
| Select group hotkey | 733 |  | 
| Use ability | 80 |  | 
                2335 total
 » units 
                
                | Acolyte | 2 |  | 
| Wisp | 15 |  | 
| Ghoul | 3 |  | 
| Crypt Fiend | 10 |  | 
| Obsidian Statue | 4 |  | 
                34 total
 » upgrades
                
                | Burrow | 1 |  | 
| Web | 1 |  | 
| Destroyer Form | 1 |  | 
| Creature Attack | 1 |  | 
                4 total
 » buildings
                
                | Graveyard | 1 |  | 
| Crypt | 1 |  | 
| Ziggurat | 7 |  | 
| Altar of Darkness | 1 |  | 
| Altar of Elders | 1 |  | 
| Tomb of Relics | 2 |  | 
| Moon Well | 1 |  | 
| Spirit Tower | 2 |  | 
| Halls of the Dead | 2 |  | 
| Tree of Life | 1 |  | 
| Slaughterhouse | 1 |  | 
| Black Citadel | 1 |  | 
| Sacrificial Pit | 1 |  | 
                22 total
 » build order
                00:14 Graveyard
00:22 Crypt
00:47 Ziggurat
01:02 Altar of Darkness
01:07 Altar of Elders
01:16 Tomb of Relics
01:24 Moon Well
02:08 Ziggurat
04:00 Ziggurat
04:42 Spirit Tower
06:30 Halls of the Dead
08:00 Ziggurat
08:20 Tree of Life
09:35 Slaughterhouse
10:40 Black Citadel
12:26 Ziggurat
13:05 Ziggurat
15:40 Tomb of Relics
16:02 Spirit Tower
16:03 Ziggurat
17:36 Sacrificial Pit
» items
                
                | Rod of Necromancy | 1 |  | 
| Healing Salve | 2 |  | 
| Lesser Clarity Potion | 1 |  | 
| Scroll of Town Portal | 2 |  | 
| Orb of Corruption | 1 |  | 
                7 total
  
               
              
              
SDFWESDER (
green | 0 APM | 0 actions | 00:59)
              
               
              
              
TOXlCNARCOTIC (
pink | 202 APM | 3948 actions | 19:33)
              
 2 Death Knight 
 1 Death Coil
 1 Unholy Aura
 1 Lich 
 1 Frost Nova
 1 Crypt Lord 
 1 Impale
 
                » actions 
                
                | Assign group hotkey | 53 |  | 
| Basic commands | 146 |  | 
| Build / train | 83 |  | 
| ESC pressed | 5 |  | 
| Enter build submenu | 26 |  | 
| Enter hero's abilities submenu | 4 |  | 
| Give item / drop item | 3 |  | 
| Right click | 1565 |  | 
| Select / deselect | 531 |  | 
| Select group hotkey | 1423 |  | 
| Use ability | 109 |  | 
                3948 total
 » units 
                
                | Acolyte | 8 |  | 
| Ghoul | 5 |  | 
| Crypt Fiend | 18 |  | 
| Obsidian Statue | 2 |  | 
                33 total
 » upgrades
                
                | Creature Attack | 1 |  | 
| Creature Carapace | 1 |  | 
| Web | 1 |  | 
                3 total
 » buildings
                
                | Graveyard | 1 |  | 
| Crypt | 1 |  | 
| Ziggurat | 6 |  | 
| Altar of Darkness | 1 |  | 
| Tomb of Relics | 1 |  | 
| Nerubian Tower | 1 |  | 
| Halls of the Dead | 1 |  | 
| Spirit Tower | 6 |  | 
| Slaughterhouse | 1 |  | 
| Black Citadel | 3 |  | 
| Sacrificial Pit | 1 |  | 
| Necropolis | 1 |  | 
| Boneyard | 4 |  | 
                28 total
 » build order
                00:06 Graveyard
00:09 Crypt
00:42 Ziggurat
00:57 Altar of Darkness
01:56 Tomb of Relics
02:02 Ziggurat
02:50 Nerubian Tower
04:11 Ziggurat
05:03 Halls of the Dead
05:31 Spirit Tower
05:52 Ziggurat
09:21 Slaughterhouse
09:24 Ziggurat
12:25 Black Citadel
12:25 Black Citadel
15:28 Sacrificial Pit
15:51 Ziggurat
15:52 Spirit Tower
15:57 Spirit Tower
15:57 Spirit Tower
16:04 Necropolis
17:48 Boneyard
17:48 Boneyard
17:50 Boneyard
17:56 Boneyard
» items
                
                | Rod of Necromancy | 8 |  | 
| Healing Salve | 3 |  | 
| Lesser Clarity Potion | 3 |  | 
| Scroll of Town Portal | 3 |  | 
| Orb of Corruption | 1 |  | 
                18 total
  
               team 2 (winner) 
              
              
BEAR_AND (
yellow | 135 APM | 2662 actions | 19:43)
              
 4 Goblin Tinker 
 2 Pocket Factory
 2 Engineering Upgrade
 
                » actions 
                
                | Assign group hotkey | 11 |  | 
| Basic commands | 8 |  | 
| Build / train | 73 |  | 
| Enter build submenu | 35 |  | 
| Enter hero's abilities submenu | 4 |  | 
| Remove unit from queue | 3 |  | 
| Right click | 1765 |  | 
| Select / deselect | 289 |  | 
| Select group hotkey | 385 |  | 
| Use ability | 89 |  | 
                2662 total
 » units 
                
                | Wisp | 31 |  | 
| Archer | -2 |  | 
| Druid of the Claw | 8 |  | 
                37 total
 » upgrades
                
                | Ultravision | 1 |  | 
| Nature's Blessing | 1 |  | 
| Strength of the Wild | 2 |  | 
| Druid of the Claw Training | 2 |  | 
| Reinforced Hides | 1 |  | 
| Well Spring | 1 |  | 
| Mark of the Claw | 1 |  | 
                9 total
 » buildings
                
                | Moon Well | 6 |  | 
| Altar of Elders | 1 |  | 
| Ancient of War | 4 |  | 
| Hunter's Hall | 1 |  | 
| Ancient Protector | 6 |  | 
| Tree of Ages | 1 |  | 
| Ancient of Lore | 2 |  | 
| Tree of Life | 2 |  | 
| Tree of Eternity | 1 |  | 
| Ancient of Wonders | 1 |  | 
| Ancient of Wind | 1 |  | 
| Chimaera Roost | 1 |  | 
                27 total
 » build order
                00:07 Moon Well
00:34 Altar of Elders
01:05 Moon Well
02:38 Ancient of War
02:38 Ancient of War
02:45 Ancient of War
02:57 Ancient of War
03:19 Hunter's Hall
04:49 Ancient Protector
04:53 Tree of Ages
07:12 Ancient Protector
07:14 Ancient Protector
07:18 Ancient Protector
07:27 Ancient Protector
07:32 Ancient Protector
07:55 Ancient of Lore
07:58 Ancient of Lore
09:48 Moon Well
09:49 Moon Well
10:25 Tree of Life
11:23 Tree of Eternity
13:29 Ancient of Wonders
14:15 Moon Well
14:16 Moon Well
17:18 Ancient of Wind
18:27 Tree of Life
18:41 Chimaera Roost
» items
                
                | Healing Salve | 1 |  | 
| Lesser Clarity Potion | 1 |  | 
| Scroll of Town Portal | 1 |  | 
| Staff of Preservation | 1 |  | 
| Orb of Venom | 1 |  | 
| Dust of Appearance | 1 |  | 
                6 total
  
               
              
              
Mata. (
teal | 110 APM | 2159 actions | 19:41)
              
 2 Goblin Tinker 
 1 Pocket Factory
 1 Engineering Upgrade
 2 Mountain King 
 1 Storm Bolt
 1 Bash
 
                » actions 
                
                | Assign group hotkey | 258 |  | 
| Basic commands | 15 |  | 
| Build / train | 105 |  | 
| Enter build submenu | 39 |  | 
| Enter hero's abilities submenu | 5 |  | 
| Right click | 879 |  | 
| Select / deselect | 480 |  | 
| Select group hotkey | 282 |  | 
| Use ability | 96 |  | 
                2159 total
 » units 
                
                | Peasant | 24 |  | 
| Footman | 5 |  | 
| Knight | 6 |  | 
| Flying Machine | 7 |  | 
                42 total
 » upgrades
                
                | Defend | 1 |  | 
| Masonry | 2 |  | 
| Animal War Training | 1 |  | 
| Plating | 3 |  | 
| Swords | 2 |  | 
| Priest Training | 2 |  | 
| Gunpowder | 1 |  | 
| Flak Cannons | 1 |  | 
                13 total
 » buildings
                
                | Altar of Kings | 1 |  | 
| Barracks | 3 |  | 
| Farm | 12 |  | 
| Lumber Mill | 1 |  | 
| Scout Tower | 7 |  | 
| Guard Tower | 16 |  | 
| Town Hall | 3 |  | 
| Keep | 1 |  | 
| Castle | 2 |  | 
| Blacksmith | 2 |  | 
| Arcane Sanctum | 1 |  | 
| Gryphon Aviary | 1 |  | 
| Workshop | 2 |  | 
| Arcane Vault | 1 |  | 
                53 total
 » build order
                00:07 Altar of Kings
00:10 Barracks
00:17 Farm
00:19 Farm
01:22 Lumber Mill
01:46 Scout Tower
01:51 Farm
02:09 Farm
02:33 Guard Tower
02:33 Guard Tower
02:34 Guard Tower
02:55 Scout Tower
03:16 Scout Tower
03:24 Guard Tower
03:24 Guard Tower
03:30 Scout Tower
03:44 Guard Tower
03:44 Guard Tower
03:45 Guard Tower
04:29 Town Hall
04:40 Farm
04:41 Guard Tower
04:41 Guard Tower
06:11 Keep
06:38 Farm
06:43 Scout Tower
06:44 Scout Tower
06:45 Scout Tower
08:05 Guard Tower
08:05 Guard Tower
08:45 Castle
08:49 Barracks
08:53 Barracks
08:57 Blacksmith
08:59 Blacksmith
09:43 Arcane Sanctum
11:02 Town Hall
11:28 Gryphon Aviary
11:31 Farm
11:32 Farm
15:24 Workshop
15:26 Workshop
15:41 Arcane Vault
16:04 Farm
16:05 Farm
16:07 Farm
17:25 Farm
18:44 Town Hall
» items
                
                | Scroll of Town Portal | 3 |  | 
| Healing Salve | 1 |  | 
| Lesser Clarity Potion | 1 |  | 
| Potion of Healing | 1 |  | 
| Scroll of Healing | 1 |  | 
| Staff of Sanctuary | 1 |  | 
| Orb of Fire | 1 |  | 
                9 total
  
               
              
              
NADMaN (
purple | 147 APM | 2896 actions | 19:41)
              
 5 Goblin Tinker 
 1 Pocket Factory
 3 Engineering Upgrade
 1 Cluster Rockets
 
                » actions 
                
                | Assign group hotkey | 15 |  | 
| Basic commands | 64 |  | 
| Build / train | 49 |  | 
| ESC pressed | 3 |  | 
| Enter build submenu | 25 |  | 
| Enter hero's abilities submenu | 4 |  | 
| Give item / drop item | 1 |  | 
| Right click | 1450 |  | 
| Select / deselect | 319 |  | 
| Select group hotkey | 889 |  | 
| Use ability | 77 |  | 
                2896 total
 » units 
                
                | Peon | 7 |  | 
| Grunt | 6 |  | 
| Troll Batrider | 8 |  | 
| Kodo Beast | 1 |  | 
                22 total
 » upgrades
                
                | Ranged Weapons | 2 |  | 
| Liquid Fire | 1 |  | 
                3 total
 » buildings
                
                | Barracks | 1 |  | 
| Orc Burrow | 6 |  | 
| Altar of Storms | 1 |  | 
| Stronghold | 1 |  | 
| War Mill | 1 |  | 
| Watch Tower | 5 |  | 
| Voodoo Lounge | 3 |  | 
| Beastiary | 3 |  | 
| Fortress | 1 |  | 
| Great Hall | 2 |  | 
                24 total
 » build order
                00:06 Barracks
00:15 Orc Burrow
00:49 Altar of Storms
01:43 Orc Burrow
03:15 Stronghold
04:01 War Mill
05:14 Watch Tower
05:15 Watch Tower
05:17 Watch Tower
05:18 Watch Tower
05:33 Voodoo Lounge
06:37 Watch Tower
07:53 Beastiary
07:55 Beastiary
08:43 Beastiary
08:46 Orc Burrow
08:51 Voodoo Lounge
09:12 Orc Burrow
09:19 Orc Burrow
09:27 Voodoo Lounge
11:21 Fortress
12:31 Orc Burrow
15:48 Great Hall
16:15 Great Hall
» items
                
                | Potion of Healing | 1 |  | 
| Potion of Mana | 1 |  | 
| Boots of Speed | 1 |  | 
| Periapt of Vitality | 1 |  | 
| Tome of Retraining | 1 |  | 
| Scroll of Town Portal | 1 |  | 
| Scroll of Healing | 1 |  | 
| Scroll of Protection | 1 |  | 
                8 total
  
               
              
              
» 
tIMG4strok (
blue | 107 APM | 2107 actions | 19:41)
              
 4 Goblin Tinker 
 2 Pocket Factory
 2 Engineering Upgrade
 
                » actions 
                
                | Assign group hotkey | 12 |  | 
| Basic commands | 41 |  | 
| Build / train | 47 |  | 
| ESC pressed | 2 |  | 
| Enter build submenu | 19 |  | 
| Enter hero's abilities submenu | 6 |  | 
| Remove unit from queue | 1 |  | 
| Right click | 1055 |  | 
| Select / deselect | 200 |  | 
| Select group hotkey | 678 |  | 
| Use ability | 46 |  | 
                2107 total
 » units 
                » upgrades
                
                | Nature's Blessing | 1 |  | 
| Abolish Magic | 1 |  | 
| Strength of the Wild | 2 |  | 
| Reinforced Hides | 2 |  | 
| Ultravision | 1 |  | 
| Well Spring | 1 |  | 
                8 total
 » buildings
                
                | Altar of Elders | 1 |  | 
| Moon Well | 5 |  | 
| Ancient of War | 1 |  | 
| Hunter's Hall | 1 |  | 
| Tree of Ages | 1 |  | 
| Ancient of Lore | 2 |  | 
| Ancient Protector | 2 |  | 
| Tree of Eternity | 1 |  | 
| Tree of Life | 3 |  | 
| Ancient of Wonders | 1 |  | 
| Ancient of Wind | 1 |  | 
                19 total
 » build order
                00:03 Altar of Elders
00:13 Moon Well
01:11 Ancient of War
01:51 Moon Well
02:46 Hunter's Hall
03:30 Tree of Ages
05:24 Moon Well
05:25 Moon Well
05:52 Ancient of Lore
05:52 Ancient of Lore
06:00 Ancient Protector
06:01 Ancient Protector
06:21 Moon Well
09:26 Tree of Eternity
09:53 Tree of Life
10:04 Ancient of Wonders
16:01 Tree of Life
18:04 Tree of Life
18:44 Ancient of Wind
» items
                
                | Scroll of Town Portal | 2 |  | 
| Orb of Venom | 1 |  | 
| Potion of Healing | 1 |  | 
                4 total
  
                Chat log
          (00:08 / All) BEAR_AND: hej gl hf
(00:18 / All) cookie_monster: Jay The Man is on
(00:18 / All) COOLMIKE162: HOLD ON
(01:02 / All) Mata.: gg fags
(01:03 / All) Mata.: leave
(01:06 / All) BEAR_AND: ty
(01:18 / All) cookie_monster: time for ownage!
(01:46 / All) cookie_monster: mh
(01:47 / All) Mata.: you a fag?
(01:52 / All) cookie_monster: MH
(03:41 / All) tIMG4strok: its cute
(03:45 / All) tIMG4strok: Trying to watch you micro units
(15:36 / All) tIMG4strok: gg
(16:58 / All) tIMG4strok: LOL QUIT
(17:12 / All) tIMG4strok: god damn
(17:13 / All) tIMG4strok: you guiys
(17:14 / All) tIMG4strok: fuckin suck
(17:30 / All) tIMG4strok: seriously leave.
(17:45 / All) COOLMIKE162: u mad?
(17:49 / All) tIMG4strok: mad what
(17:57 / All) Mata.: IM HAPPY
(17:59 / All) Mata.: about the free win
(18:04 / All) COOLMIKE162: u pay for your other ones?
(18:10 / All) Mata.: sometimes i work for them
(18:14 / All) tIMG4strok: huzzah three cheers for team shit bit, dishin out free wins like its nothin
(18:15 / All) Mata.: not vs you though
(19:30 / All) Mata.: lol!
(19:34 / All) Mata.: that's right
(19:35 / All) Mata.: leavo
(19:36 / All) cookie_monster: funny thing is
(19:38 / All) cookie_monster: u kids will dodge
(19:40 / All) cookie_monster: next game lol
(19:41 / All) BEAR_AND: 1v1